 Dungeon Crawl Stone Soup version 0.29-a0-819-g94b489e0ae (webtiles) character file.

Game seed: 11000328022377376742

581 Ayihk420 the Ruffian (level 7, -1/60 HPs)
             Began as a Ghoul Monk on July 7, 2022.
             Slain by a mummy (11 damage)
             ... in an ossuary.
             The game lasted 00:08:16 (3676 turns).

Ayihk420 the Ruffian (Ghoul Monk)                   Turns: 3676, Time: 00:08:17

Health: -1/60      AC:  5    Str: 17    XL:     7   Next: 36%
Magic:  6/6        EV: 12    Int:  5    God:
Gold:   165        SH:  0    Dex: 11    Spells: 6/6 levels left

rFire   . . .      SeeInvis .     - Unarmed
rCold   + . .      Faith    .   (no shield)
rNeg    + + +      Spirit   .   a - +0 leather armour
rPois   ∞          Reflect  .   (no helmet)
rElec   .          Harm     .   k - +0 cloak
rCorr   .          Rampage  .   (no gloves)
Will    .....                   d - +0 pair of boots
Stlth   ++........              (no amulet)
HPRegen 0.00/turn               (no ring)
MPRegen 0.10/turn               (no ring)

@: inhibited regen
A: claws 1, cold resistance 1, negative energy resistance 3, inhibited
regeneration, torment resistance 2, devour on kill
a: no special abilities


You were in an ossuary.
You visited 1 branch of the dungeon, and saw 4 of its levels.
You also visited: Ossuary.

You collected 165 gold pieces.

Inventory:

Hand Weapons
 g - a +0 short sword of flaming
 r - a +3 short sword of distortion
Missiles
 f - 15 stones (quivered)
Armour
 a - a +0 leather armour (worn)
 d - a +0 pair of boots (worn)
 k - a +0 cloak (worn)
 l - a +0 ring mail
Scrolls
 h - 2 scrolls of fog {unknown}
 i - a scroll of blinking {unknown}
 j - a scroll of vulnerability {unknown}
 o - a scroll of teleportation {unknown}
 p - 3 scrolls of poison {unknown}
Potions
 b - a potion of ambrosia
 c - a potion of curing {unknown}
 e - a potion of brilliance {unknown}
 m - a potion of might {unknown}
 n - a potion of degeneration {unknown}
 q - a potion of mutation {unknown}
 s - a potion of resistance {unknown}


   Skills:
 - Level 4.9 Fighting
 - Level 4.1 Dodging
 - Level 4.6 Stealth
 * Level 6.2 Unarmed Combat


You had 6 spell levels left.
You didn't know any spells.
Your spell library contained the following spells:

 Spells                   Type           Power      Damage    Failure   Level
 Call Canine Familiar     Summ           0%         N/A       89%         3
 Portal Projectile        Hex/Tloc       0%         N/A       89%         3
 Leda's Liquefaction      Hex/Erth       0%         N/A       100%        4
 Summon Hydra             Summ           0%         N/A       100%        7
 Sublimation of Blood     Necr           Unusable   N/A       N/A         2
 Wereblood                Tmut           Unusable   N/A       N/A         2

Dungeon Overview and Level Annotations

Branches:
Dungeon (4/15)            Ossuary (1/1)
 Temple: D:4-7

Altars:


Innate Abilities, Weirdness & Mutations

You are immune to poison.
You have sharp fingernails.
Your flesh is cold resistant. (rC+)
You are immune to negative energy. (rN+++)
You do not regenerate when monsters are visible.
You are immune to unholy pain and torment.
You thrive by killing the living.


Message History

The bog mummy is severely damaged.
You barely miss the bog mummy.
The bog mummy is severely damaged.
The bog mummy hits you.
* * * LOW HITPOINT WARNING * * *
You claw the bog mummy!
You destroy the bog mummy!
Your Unarmed Combat skill increases to level 6!
You claw the centaur zombie!
The centaur zombie is moderately damaged.
The centaur zombie hits you but does no damage.
The centaur zombie kicks you but does no damage.
You scratch the centaur zombie.
The centaur zombie is heavily damaged.
The centaur zombie hits you but does no damage.
The centaur zombie barely misses you.
You barely miss the centaur zombie.
The centaur zombie is heavily damaged.
The centaur zombie barely misses you. The centaur zombie closely misses you.
You claw the centaur zombie!
The centaur zombie is severely damaged.
The centaur zombie hits you but does no damage.
The centaur zombie closely misses you.
You claw the centaur zombie!
You destroy the centaur zombie!
You scratch the mummy but do no damage. You scratch the mummy.
The mummy is lightly damaged.
The mummy barely misses you.
You scratch the mummy.
The mummy is moderately damaged.
You barely miss the mummy.
The mummy is moderately damaged.
The mummy misses you.
You closely miss the mummy.
The mummy is moderately damaged.
You claw the mummy!
The mummy is severely damaged.
The mummy hits you!
You die...

#...#..P≈#
#.∩.≈≈###
#∩..#M≈P#
#####.###
+.+ ###
#.#
#...#.+
#...'Z###
#.Z.#MM@#
### #.###
...+ #+#+#


You could see 2 mummies and a bullfrog zombie.

Vanquished Creatures
  Sigmund (D:2)
  A centaur zombie (Ossuary)
  An orc priest (D:3)
  Terence (D:2)
  An iguana (D:3)
  6 mummies (Ossuary)
  6 adders
  7 gnolls
  A worm zombie (D:4)
  3 worms
  2 dart slugs
  4 orcs (D:3)
  6 bats
  3 endoplasms
  A goblin (D:1)
  6 hobgoblins
  4 quokkas
  5 ball pythons
  A frilled lizard (D:1)
  10 kobolds
  4 rats
74 creatures vanquished.

Vanquished Creatures (others)
  3 withered plants (Ossuary)
3 creatures vanquished.

Grand Total: 77 creatures vanquished

Notes
Turn   | Place    | Note
-------+----------+-------------------------------------------
     0 | D:1      | Ayihk420 the Ghoul Monk began the quest for the Orb.
     0 | D:1      | Reached XP level 1. HP: 19/19 MP: 0/0
   130 | D:1      | Reached XP level 2. HP: 14/26 MP: 1/1
   590 | D:1      | Found a faded altar of an unknown god.
   770 | D:2      | Reached XP level 3. HP: 31/31 MP: 2/2
   959 | D:2      | Reached XP level 4. HP: 12/40 MP: 3/3
  1302 | D:2      | Noticed Terence
  1315 | D:2      | Killed Terence
  1316 | D:2      | Reached skill level 4 in Unarmed Combat
  1629 | D:2      | Reached XP level 5. HP: 39/46 MP: 4/4
  1801 | D:2      | Noticed Sigmund
  1821 | D:2      | Killed Sigmund
  1822 | D:2      | Reached XP level 6. HP: 29/53 MP: 5/5
  3085 | D:3      | Reached skill level 5 in Unarmed Combat
  3197 | D:3      | Reached XP level 7. HP: 60/60 MP: 6/6
  3596 | D:4      | Found a sand-covered staircase.
  3609 | Ossuary  | Entered an ossuary
  3666 | Ossuary  | Reached skill level 6 in Unarmed Combat
  3676 | Ossuary  | Slain by a mummy

Illustrated notes

Levels and vault maps discovered:
D:1:      wander_arrival_estate, layout_basic, shapermc_ecumenical_altar_petra,
          serial_bayou_crossing
D:2:      minmay_angry_zag, layout_basic, serial_forest,
          infiniplex_forest_clump_double, infiniplex_forest_zigzag_1,
          infiniplex_forest_end_1, infiniplex_forest_end_double,
          infiniplex_forest_lined_room_2, infiniplex_forest_lined_room_2,
          uniq_terence, uniq_sigmund
D:3:      layout_loops_corners, nicolae_titane
D:4:      layout_basic, enter_ossuary_3, minmay_fractal_squares_diagonal_5
Ossuary:  ossuary_zaba_flooded

Skill      XL: |  1  2  3  4  5  6  7 |
---------------+----------------------+-----
Dodging        | 3 4 |  4.1
Stealth        | 3 4 |  4.6
Fighting       | 4 |  4.9
Unarmed Combat | 4 5 6 |  6.2

Action                   |  1- 3 |  4- 6 |  7- 9 || total
-------------------------+-------+-------+-------++-------
Melee: Unarmed           |    87 |   120 |    63 ||   270
       Punch             |       |     4 |     3 ||     7
 Stab: Sleeping          |     2 |     9 |     1 ||    12
Armor: Robe              |    18 |       |       ||    18
       Ring mail         |       |    14 |       ||    14
       Leather armour    |       |    10 |     7 ||    17
Dodge: Dodged            |    48 |    58 |    22 ||   128

Table legend: (Time is in decaauts)
 A = Elapsed time spent in this place.
 B = Non-inter-level travel time spent in this place.
 C = Inter-level travel time spent in this place.
 D = Time resting spent in this place.
 E = Time spent auto-exploring this place.
 F = Levels seen in this place.
 G = Mean time per level.
                   A        B        C        D        E       F      G
               +--------+--------+--------+--------+--------+-----+--------+
         Total |   3666 |   3666 |      0 |    844 |   1961 |   5 |  733.2 |
       Dungeon |   3602 |   3602 |      0 |    840 |   1961 |   4 |  900.5 |
       Ossuary |     63 |     63 |      0 |      4 |      0 |   1 |   63.0 |
               +--------+--------+--------+--------+--------+-----+--------+

Top non-repeatable levels by time:
     D:2: 1768 daAuts
     D:3: 1062 daAuts
     D:1: 744 daAuts
 Ossuary: 63 daAuts
     D:4: 26 daAuts
